 Dungeon Crawl Stone Soup version 0.30-a0-304-gdc4b735fe1 (webtiles) character file.

Game seed: 924301561573359454

17 Caerun the Conjurer (level 2, 0/20 HPs)
             Began as a Draconian Conjurer on Oct 20, 2022.
             Slain by a jackal (2 damage)
             ... on level 1 of the Dungeon.
             The game lasted 00:01:04 (600 turns).

Caerun the Conjurer (Draconian Conjurer)             Turns: 600, Time: 00:01:05

Health: 0/20       AC:  4    Str:  9    XL:     2   Next: 44%
Magic:  1/5        EV: 12    Int: 18    God:
Gold:   38         SH:  0    Dex:  9    Spells: 4/5 levels left

rFire   . . .      SeeInvis .    c - +1 short sword (elec)
rCold   + . .      Faith    .    (no shield)
rNeg    . . .      Spirit   .    (body armour unavailable)
rPois   .          Reflect  .    (helmet restricted)
rElec   .          Harm     .    (no cloak)
rCorr   .          Rampage  .    (no gloves)
Will    .....                    (no boots)
Stlth   ++........               (no amulet)
HPRegen 0.23/turn                f - ring of protection from cold
MPRegen 0.09/turn                (no ring)

@: no status effects
A: AC +4, unfitting armour, cold-blooded
a: no special abilities


You were on level 1 of the Dungeon.
You visited 1 branch of the dungeon, and saw 1 of its levels.

You collected 38 gold pieces.

Inventory:

Hand Weapons
 c - a +1 short sword of electrocution (weapon)
Jewellery
 f - a ring of protection from cold (left hand)
Scrolls
 b - a scroll of identify {unknown}
 e - a scroll of poison {unknown}
 g - a scroll of fear {unknown}
Potions
 a - a potion of magic
 d - a potion of ambrosia {unknown}


   Skills:
 + Level 0.2 Short Blades
 + Level 1.9 Dodging
 + Level 1.8 Stealth
 + Level 2.0 Spellcasting
 + Level 4.5 Conjurations


You had 4 spell levels left.
You knew the following spells:

 Your Spells              Type           Power      Damage    Failure   Level
a - Magic Dart            Conj           72%        1d6       2%          1

Your spell library contained the following spells:

 Spells                   Type           Power      Damage    Failure   Level
 Searing Ray              Conj           36%        2d5       4%          2
 Dazzling Flash           Conj/Hex       20%        N/A       22%         3
 Fulminant Prism          Conj/Hex       5%         3d7       56%         4
 Iskenderun's Mystic Bla  Conj/Tloc      10%        2d4       56%         4


Dungeon Overview and Level Annotations

Branches:
Dungeon (1/15)

Altars:


Innate Abilities, Weirdness & Mutations

Your plain brown scales are hard. (AC +4)
You cannot fit into any form of body armour.
You are cold-blooded and may be slowed by cold attacks.


Message History

The jackal is heavily wounded.
The jackal bites you.
* * * LOW HITPOINT WARNING * * *
The jackal closely misses you.
You hit the jackal.
You kill the jackal!
You hit the jackal.
Your tail-slap misses the jackal.
The jackal is moderately wounded.
The jackal bites you but does no damage.
You hit the jackal.
Your tail-slap misses the jackal.
The jackal is severely wounded.
The jackal closely misses you. The jackal bites you.
* * * LOW HITPOINT WARNING * * *
You closely miss the jackal.
The jackal is severely wounded.
The jackal misses you.
Casting: Magic Dart (safe; 2% risk of failure)
Confirm with . or Enter, or press ? or * to list all spells.
Aiming: Magic Dart (safe; 2% risk of failure)
Press: ? - help, Shift-Dir - straight line, f - jackal
Aim: a jackal (severely wounded, 100% to hit)
The magic dart hits the jackal but does no damage.
The jackal is severely wounded.
The jackal bites you but does no damage.
The jackal closely misses you.
Okay, then.
You hit the jackal but do no damage.
The jackal is severely wounded.
The jackal barely misses you.
You barely miss the jackal.
Your tail-slap misses the jackal.
The jackal is severely wounded.
The jackal barely misses you.
You closely miss the jackal.
The jackal is severely wounded.
The jackal misses you. The jackal bites you.
* * * LOW HITPOINT WARNING * * *
You completely miss the jackal.
The jackal is severely wounded.
The jackal bites you.
You die...

#......# #......#
######....).#
....†.......#
............# #####
............# #...##
.##........## #...#.
###....#h# #...#.
.......#@# #...#.
###....†.###########...#.
...........)............
................#########
##...##########...#######
###+ ###........
#####........
#.......#.### #.........#
#


You could see a jackal.

Vanquished Creatures
  2 ball pythons (D:1)
  A bat (D:1)
  A goblin (D:1)
  3 hobgoblins (D:1)
  3 jackals (D:1)
  A quokka (D:1)
  A frilled lizard (D:1)
  A kobold (D:1)
  2 rats (D:1)
15 creatures vanquished.

Notes
Turn   | Place    | Note
-------+----------+-------------------------------------------
     0 | D:1      | Caerun the Draconian Conjurer began the quest for the Orb.
     0 | D:1      | Reached XP level 1. HP: 14/14 MP: 3/3
   273 | D:1      | Reached XP level 2. HP: 20/20 MP: 0/5
   600 | D:1      | Slain by a jackal

Illustrated notes

Levels and vault maps discovered:
D:1:      evilmike_arrival_crescent, layout_basic

Action                   || total
-------------------------++-------
Melee: Tailslap          ||     2
       Unarmed           ||     1
       Short sword       ||    32
 Cast: Magic Dart        ||    29
Armor: Skin              ||    18
Dodge: Dodged            ||    48

Table legend: (Time is in decaauts)
 A = Elapsed time spent in this place.
 B = Non-inter-level travel time spent in this place.
 C = Inter-level travel time spent in this place.
 D = Time resting spent in this place.
 E = Time spent auto-exploring this place.
 F = Levels seen in this place.
 G = Mean time per level.
                   A        B        C        D        E       F      G
               +--------+--------+--------+--------+--------+-----+--------+
         Total |    599 |    599 |      0 |      0 |    482 |   1 |  599.0 |
       Dungeon |    599 |    599 |      0 |      0 |    482 |   1 |  599.0 |
               +--------+--------+--------+--------+--------+-----+--------+

Top non-repeatable levels by time:
     D:1: 599 daAuts
